 Dungeon Crawl Stone Soup version 0.19.0-2-gae57169 (webtiles) character file.

1750 tv1990 the Warrior (level 9, -4/67 (68) HPs)
             Began as a Formicid Monk on Nov 5, 2016.
             Was a Believer of Okawaru.
             Slain by an orc warrior
             ... wielding a +0 glaive
              (15 damage)
             ... on level 7 of the Dungeon.
             The game lasted 00:15:41 (5990 turns).

tv1990 the Warrior (Formicid Monk)                  Turns: 5990, Time: 00:15:42

HP:   -4/67 (68)    AC: 10    Str: 16    XL:     9   Next: 27%
MP:   15/15         EV: 12    Int: 10    God:    Okawaru [**....]
Gold: 200           SH:  5    Dex: 16    Spells: 0 memorised, 8 levels left

rFire  . . .     SeeInvis +     e - +0 battleaxe
rCold  + . .     Gourm    +     B - +1 chain mail
rNeg   . . .     Faith    .     o - +0 buckler
rPois  +         Spirit   .     (helmet unavailable)
rElec  .         Reflect  .     (no cloak)
rCorr  .         Harm     .     (no gloves)
MR     .....                    (no boots)
Stlth  ..........               F - amulet of the gourmand
                                q - +4 ring of evasion
                                D - ring of poison resistance

@: no status effects
A: permanent stasis, dig shafts and tunnels, four strong arms, antennae 3, cold
resistance 1
a: Dig, Shaft Self, Heroism, Renounce Religion


You were on level 7 of the Dungeon.
You worshipped Okawaru.
Okawaru was pleased with you.
You were very full.

You visited 2 branches of the dungeon, and saw 8 of its levels.

You collected 200 gold pieces.

Inventory:

Hand Weapons
 a - a +0 hand axe
 e - a +0 battleaxe (weapon)
 y - a +2 mace of protection
Armour
 b - a +0 robe
 k - a +0 cloak
 o - a +0 buckler (worn)
 s - a +0 shield
 B - a +1 chain mail (worn)
Jewellery
 q - a +4 ring of evasion (right hand)
 D - a ring of poison resistance (left hand)
 F - an amulet of the gourmand (around neck)
 H - an uncursed ring of wizardry
Wands
 f - a wand of disintegration (9/24)
 h - a wand of heal wounds (4/9)
Scrolls
 g - a scroll of amnesia {unknown}
 i - a scroll of teleportation
 m - a scroll of immolation
 w - a scroll of noise
Potions
 j - 4 potions of flight
 n - 3 potions of heal wounds {unknown}
 p - 3 potions of magic {unknown}
 t - a potion of haste
 z - a potion of lignification
 A - a potion of curing
 E - 2 potions of might
Comestibles
 c - 2 bread rations
 d - 2 beef jerkies
 l - 2 slices of pizza
 x - 3 meat rations
 M - a royal jelly


   Skills:
 - Level 5.2 Fighting
 - Level 5.5 Axes
 - Level 3.7 Armour
 - Level 2.6 Dodging
 - Level 2.4 Stealth
 - Level 5.4 Shields
 + Level 8.9 Invocations


You had 8 spell levels left.
You didn't know any spells.

Dungeon Overview and Level Annotations

Branches:
Dungeon (7/15)             Temple (1/1) D:5

Altars:
Dithmenos
Elyvilon
Fedhas
Gozag
Hepliaklqana
Makhleb
Okawaru
Qazlal
Sif Muna
Trog
Vehumet
The Shining One

Shops:
D:5 %


Innate Abilities, Weirdness & Mutations

You are under a permanent stasis effect.
You can dig through walls and to a lower floor.
Your four strong arms can wield two-handed weapons with a shield.
You have a pair of large antennae on your head. (SInv)
Your flesh is cold resistant. (rC+)


Message History

You kill the hound!
Okawaru accepts your kill.
An orc comes into view. It is wielding a hand axe.
You closely miss the orc. The orc misses you.
The orc warrior barely misses you.
You extend your mandibles.
You dig through the rock wall.
You dig through the rock wall.
You dig through the rock wall.
The orc hits you with a dagger.
You retract your mandibles.
You barely miss the orc.
Your chain mail prevents you from hitting the orc warrior.
The orc warrior hits you with a glaive!
You barely miss the orc warrior.
The orc warrior hits you with a glaive!!
* * * LOW HITPOINT WARNING * * *
You hit the orc warrior but do no damage.
The orc warrior hits you with a glaive!
* * * LOW HITPOINT WARNING * * *
You completely miss the orc warrior. The orc warrior hits you with a glaive!
You die...

########.............
.....................
#########.#########.##
..........# #.##
.#######..#########...
#..............
###...###########
##o#{...........
#@#o{.#########.
.#######{.##...
..........##.##
.........>oo..+
.#######.#.#o##
#.#.#.# #.#.#{#
#.#.#o# #.#.#o.


You could see an orc warrior.

Vanquished Creatures
  An ice beast (D:6)
  A sky beast (D:5)
  A necrophage (D:5)
  3 centaurs
  2 ogres
  Blork the orc (D:6)
  The ghost of ReniFell the Ruffian, an amateur VSFi (D:4)
  2 bullfrogs (D:6)
  4 scorpions
  2 howler monkeys
  2 crimson imps
  A centaur zombie (D:6)
  A quasit (D:5)
  2 hounds (D:7)
  An orc priest (D:6)
  Ijyb (D:3)
  3 orc wizards
  2 worker ants
  A hound zombie (D:5)
  4 adders
  A shadow imp (D:6)
  4 dart slugs
  7 leopard geckos
  19 orcs
  2 ball pythons
  5 giant cockroaches
  6 goblins
  10 hobgoblins
  3 jackals (D:5)
  3 quokkas
  4 bats
  7 frilled lizards
  A jackal skeleton (D:4)
  7 kobolds
  A leopard gecko skeleton (D:6)
  A quokka skeleton (D:7)
  10 rats
127 creatures vanquished.

Notes
Turn   | Place    | Note
-------+----------+-------------------------------------------
     0 | D:1      | tv1990 the Formicid Monk began the quest for the Orb.
     0 | D:1      | Reached XP level 1. HP: 18/18 MP: 1/1
    92 | D:1      | Reached XP level 2. HP: 20/24 MP: 2/2
   316 | D:1      | Reached skill level 1 in Armour
   424 | D:1      | Reached XP level 3. HP: 8/29 MP: 3/3
  1020 | D:2      | Found a glowing golden altar of the Shining One.
  1622 | D:3      | Reached XP level 4. HP: 37/37 MP: 4/4
  1721 | D:3      | Reached skill level 1 in Shields
  1921 | D:3      | Noticed Ijyb
  1941 | D:3      | Killed Ijyb
  1941 | D:3      | Reached XP level 5. HP: 39/42 MP: 5/5
  2413 | D:4      | Noticed an ogre
  2417 | D:4      | You fall through a shaft for 3 floors!
  2507 | D:5      | Entered Level 5 of the Dungeon
  2508 | D:5      | Noticed a centaur
  2523 | D:5      | Killed a centaur
  2523 | D:5      | Reached XP level 6. HP: 44/49 MP: 6/6
  2811 | D:5      | Noticed a sky beast
  2826 | D:5      | Killed a sky beast
  2826 | D:5      | Reached XP level 7. HP: 37/55 MP: 7/7
  2841 | D:5      | Gained mutation: Your flesh is cold resistant. (rC+) [mutagenic meat]
  3017 | D:5      | Reached skill level 5 in Axes
  3128 | D:4      | Noticed ReniFell's ghost (amateur VSFi)
  3164 | D:4      | Found a deep blue altar of Sif Muna.
  3169 | D:4      | Found an opulent altar of Gozag.
  3173 | D:4      | Found a burning altar of Makhleb.
  3207 | D:4      | Reached skill level 5 in Shields
  3549 | D:4      | Reached skill level 5 in Fighting
  3730 | D:4      | Killed ReniFell's ghost
  3730 | D:4      | Reached XP level 8. HP: 41/61 MP: 8/8
  4358 | D:5      | Found a staircase to the Ecumenical Temple.
  4364 | Temple   | Entered the Ecumenical Temple
  4372 | Temple   | Became a worshipper of Warmaster Okawaru
  4372 | Temple   | Reached * piety under Okawaru
  4372 | Temple   | Reached ** piety under Okawaru
  4399 | D:5      | Reached skill level 1 in Invocations
  4428 | D:5      | Reached skill level 2 in Invocations
  4517 | D:5      | Found Afapen's Food Shoppe.
  4699 | D:5      | Reached skill level 3 in Invocations
  4794 | D:5      | Reached skill level 4 in Invocations
  5083 | D:6      | Noticed Blork the orc
  5094 | D:6      | Killed Blork the orc
  5094 | D:6      | Reached skill level 5 in Invocations
  5312 | D:6      | Reached skill level 6 in Invocations
  5366 | D:6      | Reached skill level 7 in Invocations
  5366 | D:6      | Reached XP level 9. HP: 24/67 MP: 14/14
  5828 | D:6      | Reached skill level 8 in Invocations
  5990 | D:7      | Slain by an orc warrior

Skill      XL: |  1  2  3  4  5  6  7  8  9 |
---------------+----------------------------+-----
Armour         | 1 2 3 |  3.7
Shields        | 1 3 4 5 |  5.4
Fighting       | 4 5 |  5.2
Axes           | 4 5 |  5.5
Invocations    | 7 8 |  8.9
Dodging        | |  2.6
Stealth        | |  2.4

Action                   |  1- 3 |  4- 6 |  7- 9 || total
-------------------------+-------+-------+-------++-------
Melee: Hand axe          |   118 |    72 |       ||   190
       Mace              |       |   137 |   168 ||   305
       Battleaxe         |       |       |   101 ||   101
Invok: Heroism           |       |       |     1 ||     1
 Abil: Dig               |       |     5 |     6 ||    11
       Shaft Self        |       |     1 |       ||     1
  Use: Scroll            |       |       |    15 ||    15
 Stab: Sleeping          |     8 |     1 |       ||     9
  Eat: Chunk             |     2 |     5 |    26 ||    33
Armor: Robe              |     5 |       |       ||     5
       Leather armour    |    30 |     1 |       ||    31
       Ring mail         |       |    48 |     2 ||    50
       Chain mail        |       |       |   124 ||   124
Dodge: Dodged            |    87 |   110 |   153 ||   350
Block: Buckler           |     3 |    46 |    70 ||   119

Table legend:
 A = Turns spent in this place as a percentage of turns spent in the entire game.
 B = Non-inter-level travel turns spent in this place as a percentage of non-inter-level travel turns spent in the entire game.
 C = Inter-level travel turns spent in this place as a percentage of turns spent in this place.
 D = Turns resting spent in this place as a percentage of non-inter-level travel turns spent in this place.
 E = Turns spent auto-exploring this place as a percentage of non-inter-level travel turns spent in this place.
 F = Non-inter-level travel turns spent in this place divided by the number of levels of this place that you've seen.
                   A       B       C       D       E      F
               +-------+-------+-------+-------+-------+----------------------
         Total | 100.0 | 100.0 |   0.5 |   2.9 |  14.1 | 193.1
       Dungeon |  98.8 |  98.8 |   0.5 |   2.9 |  14.3 | 218.1
        Temple |   1.2 |   1.2 |   0.0 |   0.0 |   0.0 |  18.0
               +-------+-------+-------+-------+-------+----------------------

Table legend:
 A = Kills in this place as a percentage of kills in entire the game.
 B = Kills by you in this place as a percentage of kills by you in the entire game.
 C = Kills by friends in this place as a percentage of kills by friends in the entire game.
 D = Other kills in this place as a percentage of other kills in the entire game.
 E = Experience gained in this place as a percentage of experience gained in the entire game.
 F = Experience gained in this place divided by the number of levels of this place that you have seen.
                   A       B       C       D       E      F
               +-------+-------+-------+-------+-------+----------------------
         Total | 100.0 | 100.0 |  -nan |  -nan | 100.0 | 312.6
       Dungeon | 100.0 | 100.0 |  -nan |  -nan | 100.0 | 357.3
               +-------+-------+-------+-------+-------+----------------------

Vault maps used:
D:1:      dpeg_arrival_pits
D:2:      first_bread, minmay_misc_feat_x, nicolae_tso_carved_into_rock
D:3:      uniq_iyjb
D:4:      minmay_overflow_temple_star_quad, serial_bayou_lake_a
D:5:      serial_shops, shop
D:6:      uniq_blork_the_orc
D:7:      kennysheep_generic_room_7
Temple:   eino_narrow_crystal_temple
